 Dungeon Crawl Stone Soup version 0.18-b1-22-ge198996 (webtiles) character file.

40 chris112 the Ruffian (level 3, -10/33 HPs)
             Began as a Ghoul Monk on May 4, 2016.
             Killed by divine providence
             ... invoked by an orc priest
              (13 damage)
             ... on level 3 of the Dungeon.
             The game lasted 00:13:58 (1397 turns).

chris112 the Ruffian (Ghoul Monk)                   Turns: 1397, Time: 00:13:58

Health: -10/33     AC:  8    Str: 15    XL:     3   Next: 50%
Magic:  0/2        EV: -1    Int:  5    God:
Gold:   74         SH:  7    Dex: 11    Spells: 0 memorised, 2 levels left

rFire  . . .     SeeInvis .     e - +2 whip (venom)
rCold  + . .     Gourm    .     c - +0 chain mail
rNeg   + + +     Faith    .     w - +0 shield
rPois  ∞         Spirit   +     (no helmet)
rElec  .         Dismiss  .     (no cloak)
rCorr  .         Reflect  .     (no gloves)
SustAt .         Harm     .     (no boots)
MR     .....                    k - amulet of guardian spirit
Stlth  ..........               (no ring)
                                h - ring of wizardry

@: rotting, not resistant to hostile enchantments, extremely unstealthy
A: rotting body, claws 1, carnivore 3, cold resistance 1, negative energy
resistance 3, slow regeneration 1, torment resistance, unbreathing
a: no special abilities


You were on level 3 of the Dungeon.
You were not hungry.

You visited 1 branch of the dungeon, and saw 4 of its levels.

You collected 74 gold pieces.

Inventory:

Hand Weapons
 e - a +2 whip of venom (weapon)
 j - a +0 dagger
 n - a +0 short sword
Missiles
 f - 25 stones (quivered)
 o - 20 arrows
Armour
 a - a +0 robe
 c - a +0 chain mail (worn)
 m - a +0 chain mail
 r - a +0 scale mail
 w - a +0 shield (worn)
Jewellery
 h - a ring of wizardry (left claw)
 k - an amulet of guardian spirit (around neck)
Scrolls
 b - 3 scrolls of fog {unknown}
 g - a scroll of magic mapping {unknown}
 q - a scroll of blinking {unknown}
 s - a scroll of recharging {unknown}
 v - a scroll of remove curse {unknown}
 x - a scroll of identify {unknown}
Potions
 i - a potion of might {unknown}
 t - 2 potions of curing {unknown}
 u - a potion of invisibility {unknown}
Comestibles
 d - 2 fruits
 p - 3 bread rations


   Skills:
 + Level 4.0 Fighting
 + Level 0.1 Maces & Flails
 + Level 2.9 Dodging
 + Level 2.3 Stealth
 + Level 4.9 Unarmed Combat


You had 2 spell levels left.
You didn't know any spells.

Dungeon Overview and Level Annotations

Branches:
Dungeon (4/15)
 Temple: D:4-7

Altars:


Innate Abilities, Weirdness & Mutations

Your body is rotting away.
You thrive on raw meat.
You are immune to poison.
You have sharp fingernails.
You are carnivorous and can eat meat at any time.
Your flesh is cold resistant.
You are immune to negative energy.
You regenerate slowly when monsters are visible.
You are immune to unholy pain and torment.
You can survive without breathing.


Message History

a club; a hobgoblin corpse The orc priest miscasts a cantrip.
There is a stone staircase leading down here.
You climb downwards.
A worker ant comes into view.
The worker ant twitches its antennae in your direction.
Found a scroll labeled QEIRPHU QUL PAI.
There is a stone staircase leading up here.
The worker ant bites you but does no damage.
You climb upwards.
You block the orc's attack.
The orc priest casts a cantrip, but nothing happens.
The orc hits you but does no damage.
A kobold comes into view.
There is a stone staircase leading down here.
You can't go up here!
The orc priest casts a cantrip, but nothing happens.
You block the worker ant's attack.
The orc priest calls down the wrath of Beogh upon you.
Beogh smites you!
You die...

#.8._.8.##### ###
#.(8.8..#.... #<#
#...8.......(
#.####.....%......
#.................
###..##.............
#....##.............
#.#o###o.K......../.
#.#@ooooo...........
#...a.#.#.#.###.....
#....#.#...#.# .....
#....#.#.##... ...o.
#......#.# ..## ...o
......###.# .##
.).....# #.. ..
.......# ### ##


You could see a worker ant, 3 orc priests, 4 orcs and a kobold.

Vanquished Creatures
  A worm (D:2)
  2 dart slugs
  A giant gecko (D:3)
  A ball python (D:1)
  A giant cockroach (D:1)
  2 goblins
  6 hobgoblins
  2 jackals (D:2)
  5 kobolds
  3 bats (D:1)
  7 rats
  A plant (D:1)
32 creatures vanquished.

Notes
Turn   | Place    | Note
--------------------------------------------------------------
     0 | D:1      | chris112 the Ghoul Monk began the quest for the Orb.
     0 | D:1      | Reached XP level 1. HP: 19/19 MP: 0/0
   400 | D:1      | Reached XP level 2. HP: 25/26 MP: 1/1
   953 | D:2      | Reached XP level 3. HP: 30/33 MP: 2/2
  1367 | D:3      | Found a faded altar to an unknown god.
  1397 | D:3      | Killed from afar by an orc priest

Skill      XL: |  1  2  3 |
---------------+----------+-----
Fighting       | 4 |  4.0
Maces & Flails | |  0.1
Dodging        | |  2.9
Stealth        | |  2.3
Unarmed Combat | |  4.9

Action                   || total
-------------------------++-------
Melee: Unarmed           ||    35
       Whip              ||    76
       Punch             ||     1
Throw: Stone             ||     3
  Eat: Chunk             ||     9
       Meat ration       ||     1
Armor: Chain mail        ||    48
Dodge: Dodged            ||    24
Block: Shield            ||     4
